 Dungeon Crawl Stone Soup version 0.29.1-2-gbd0b4ee654 (webtiles) character file.

Game seed: 10665761283751370029

51588 RUZZLEFAZAZZLE the Blocker (level 14, -19/114 HPs)
             Began as a Gnoll Fighter on Nov 25, 2022.
             Was a High Priest of Okawaru.
             Killed from afar by Jorgrun (54 damage)
             ... with an iron shot
             ... on level 10 of the Dungeon.
             The game lasted 00:55:51 (15021 turns).

RUZZLEFAZAZZLE the Blocker (Gnoll Fighter)         Turns: 15021, Time: 00:55:52

Health: -19/114    AC: 34    Str: 29    XL:     14   Next: 60%
Magic:  27/27      EV: 11    Int: 10    God:    Okawaru [*****.]
Gold:   912        SH: 11    Dex: 13    Spells: 32/32 levels left

rFire   . . .      SeeInvis .   N - +5 hand axe (freeze)
rCold   . . .      Faith    .   d - +3 warlock's mirror {reflect}
rNeg    . . .      Spirit   .   M - +0 plate armour
rPois   +          Reflect  +   o - +0 helmet
rElec   +          Harm     .   k - +3 cloak "Nojorios" {-Tele Regen+ Int-2 Slay+4}
rCorr   .          Rampage  .   h - +1 pair of gloves
Will    +....      NoTele   +   V - +2 pair of boots of Satisfaction {rElec Str+3 Dex+3}
Stlth   +.........              P - amulet of regeneration
HPRegen 1.89/turn               f - +6 ring of strength
MPRegen 0.20/turn               l - +4 ring of protection

@: heroic, grasped by roots, constricted
A: fangs 1, strong nose, distributed training, clever 1, poison resistance,
noise suppression
a: Renounce Religion, Heroism, Finesse, Duel


You were on level 10 of the Dungeon.
You worshipped Okawaru.
Okawaru was extremely pleased with you.
You visited 3 branches of the dungeon, and saw 17 of its levels.
You also visited: Bailey.

You collected 912 gold pieces.

Inventory:

Hand Weapons
 b - a +2 flail of protection
 G - a +1 war axe of electrocution
 I - a +2 great mace of venom
 K - a +3 vampiric glaive
 L - the +6 triple crossbow "Ablajanle" {elec, rPois Str+2 Int-4}
   (You found it in a bailey)

   Any ammunition fired from it occasionally discharges a powerful burst of
   electricity upon striking a foe.
   Str:       It affects your strength (+2).
   Int:       It affects your intelligence (-4).
   rPois:     It protects you from poison.
 N - a +5 hand axe of freezing (weapon)
Missiles
 u - 6 silver javelins
 D - 15 javelins (quivered)
Armour
 d - the +3 warlock's mirror (worn) {reflect}
   (You acquired it on level 11 of the Dungeon)

   It can block and reflect piercing ranged attacks and magical attacks against
   the wielder's willpower.
 h - a +1 pair of gloves (worn)
 k - the +3 cloak "Nojorios" (worn) {-Tele Regen+ Int-2 Slay+4}
   (You acquired it on level 4 of the Dungeon)

   Int:       It affects your intelligence (-2).
   Slay:      It affects your accuracy & damage with ranged weapons and melee
   (+4).
   -Tele:     It prevents most forms of teleportation.
   Regen:     It increases your rate of health regeneration.
 o - a +0 helmet (worn)
 M - a +0 plate armour (worn)
 V - the +2 pair of boots of Satisfaction (worn) {rElec Str+3 Dex+3}
   (Okawaru gifted it to you on level 12 of the Dungeon)

   Str:       It affects your strength (+3).
   Dex:       It affects your dexterity (+3).
   rElec:     It insulates you from electricity.
Jewellery
 a - a ring of ice
 c - a ring of protection from cold
 f - a +6 ring of strength (left hand)
 g - a ring of positive energy
 l - a +4 ring of protection (right hand)
 w - a ring of willpower
 P - an amulet of regeneration (around neck)
 T - a +6 ring of intelligence
Wands
 y - a wand of flame (16)
 A - a wand of roots (22)
 C - a wand of quicksilver (7)
 H - a wand of polymorph (14)
 O - a wand of digging (13)
Scrolls
 e - 6 scrolls of teleportation
 j - 4 scrolls of poison
 r - 4 scrolls of amnesia
 t - 2 scrolls of immolation
 v - 3 scrolls of silence
 Q - a scroll of enchant weapon
Potions
 i - 11 potions of curing
 m - 2 potions of magic
 n - a potion of berserk rage
 p - a potion of resistance
 q - 2 potions of flight
 s - 2 potions of mutation
 x - 5 potions of attraction
 z - 2 potions of invisibility
 B - 4 potions of brilliance
 E - a potion of might
 F - a potion of haste
 J - a potion of lignification
 R - a potion of cancellation
 S - 4 potions of heal wounds
 U - a potion of ambrosia


   Skills:
 + Level 11.6(16.6) Fighting
 + Level 9.7(14.7) Short Blades
 + Level 9.7(14.7) Long Blades
 + Level 10.7(15.7) Axes
 + Level 9.7(14.7) Maces & Flails
 + Level 9.7(14.7) Polearms
 + Level 9.7(14.7) Staves
 + Level 9.7(14.7) Ranged Weapons
 + Level 9.7(14.7) Throwing
 + Level 11.6(16.6) Armour
 + Level 9.7(14.7) Dodging
 + Level 9.7(14.7) Stealth
 + Level 11.6(16.6) Shields
 + Level 9.7(14.7) Unarmed Combat
 + Level 9.7 Spellcasting
 + Level 8.1 Conjurations
 + Level 8.1 Hexes
 + Level 8.1 Summonings
 + Level 8.1 Necromancy
 + Level 8.1 Translocations
 + Level 8.1 Transmutations
 + Level 8.1 Fire Magic
 + Level 8.1 Ice Magic
 + Level 8.1 Air Magic
 + Level 8.1 Earth Magic
 + Level 8.1 Poison Magic
 + Level 10.5 Invocations
 + Level 9.7 Evocations


You had 32 spell levels left.
You didn't know any spells.
Your spell library contained the following spells:

 Spells                   Type           Power      Damage    Failure   Level
 Freeze                   Ice            84%        1d10      3%          1
 Sandblast                Erth           42%        2d11      3%          1
 Shock                    Conj/Air       84%        1d8       3%          1
 Sting                    Tmut/Pois      84%        1d7       3%          1
 Passwall                 Tmut/Erth      17%        N/A       4%          2
 Poisonous Vapours        Pois/Air       42%        N/A       4%          2
 Static Discharge         Conj/Air       21%        3-6/arc   4%          2
 Frozen Ramparts          Ice            42%        1d7       9%          3
 Stone Arrow              Conj/Erth      42%        3d9       9%          3
 Swiftness                Air            21%        N/A       9%          3
 Airstrike                Air            10%        2d(2-18)  30%         4
 Anguish                  Hex/Necr       10%        N/A       30%         4
 Cause Fear               Hex            10%        N/A       30%         4
 Corpse Rot               Necr/Pois/Air  21%        N/A       30%         4
 Dispel Undead            Necr           21%        3d11      30%         4
 Hailstorm                Conj/Ice       21%        3d6       30%         4
 Ice Form                 Ice/Tmut       21%        N/A       30%         4
 Olgreb's Toxic Radiance  Pois           21%        N/A       30%         4
 Passage of Golubria      Tloc           21%        N/A       30%         4
 Sticky Flame             Conj/Fire      21%        2d4       30%         4
 Alistair's Intoxication  Tmut/Pois      14%        N/A       63%         5
 Borgnjor's Vile Clutch   Necr/Erth      10%        N/A       63%         5
 Fireball                 Conj/Fire      10%        3d6       63%         5
 Iskenderun's Battlesphe  Conj           21%        2d7       63%         5
 Yara's Violent Unravell  Hex/Tmut       10%        3d6       63%         5
 Conjure Ball Lightning   Conj/Air       10%        3x3d6     99%         6
 Eringya's Noxious Bog    Tmut/Pois      10%        N/A       99%         6
 Iron Shot                Conj/Erth      10%        9d3       99%         6
 Dragon Form              Tmut           10%        N/A       100%        7
 Enfeeble                 Hex            10%        N/A       100%        7
 Orb of Destruction       Conj           10%        9d6       100%        7
 Tukima's Dance           Hex            Unusable   N/A       N/A         3
 Simulacrum               Ice/Necr       Unusable   N/A       N/A         6
 Spellforged Servitor     Conj/Summ      Unusable   N/A       N/A         7
 Dragon's Call            Summ           Unusable   N/A       N/A         9

Dungeon Overview and Level Annotations

Branches:
Dungeon (15/15)            Temple (0/1) D:5            Lair (0/5) D:11
    Orc (1/2) D:10         Vaults (0/5) D:13         Depths (1/4) D:15
 Bailey (visited)

Altars:
Dithmenos
Gozag
Makhleb
Nemelex Xobeh
Okawaru
Qazlal
Uskayaw
Vehumet
Yredelemnul

Shops:
D:13 (

Annotations:
D:10 Jorgrun
D:11 exclusion: oklob plant


Innate Abilities, Weirdness & Mutations

You have very sharp teeth.
Your uncanny sense of smell can sniff out nearby items.
Your experience applies equally to all skills.
Your mind is acute. (Int +4, Str/Dex -1)
Your system is resistant to poisons. (rPois)
You passively dampen the noise of your surroundings.


Message History

There is a staircase back to the Dungeon here.
You gain the combat prowess of a mighty hero.
Jorgrun casts a spell at you. The iron shot hits you!!!
An orc priest and an orc come into view.
The orc priest is wielding a +1 hand axe of flaming.
The orc priest shouts!
The orc shouts!
Jorgrun points at you and mumbles some strange words.
The iron shot hits you!!
You slash Jorgrun! You freeze Jorgrun.
Jorgrun is lightly wounded.
Jorgrun attacks as you move away! Jorgrun hits you but does no damage.
There is a staircase back to the Dungeon, spattered with blood here.
Jorgrun mutters some incantations to himself.
You block Jorgrun's attack.
You climb upwards.
Welcome back to the Dungeon!
There is a staircase to the Orcish Mines here.
You barely miss Jorgrun.
Jorgrun is lightly wounded.
Jorgrun points at you and mumbles some strange words.
Roots burst forth from the earth!
The grasping roots grab you! The grasping roots constrict you.
You slash Jorgrun! You freeze Jorgrun.
Jorgrun is moderately wounded.
You hit Jorgrun. You freeze Jorgrun.
Jorgrun is moderately wounded.
Jorgrun closely misses you. The grasping roots constrict you.
You slash Jorgrun! You freeze Jorgrun. You bite Jorgrun.
Jorgrun is heavily wounded.
Jorgrun hits you with a +0 vorpal quarterstaff!
The grasping roots constrict you.
* * * LOW HITPOINT WARNING * * *
You slash Jorgrun! You freeze Jorgrun.
Jorgrun is severely wounded.
You slash Jorgrun! You freeze Jorgrun.
Jorgrun is severely wounded.
Jorgrun casts a spell at you. The iron shot hits you!!!
You die...

####
...###########
##...........#
###########.# #.#
#.## #..####
##.#g@# #########
#.#.## ##########
........#
#.#.#####........#
#######.#
#.............##.#
#.#
#########.###.##.#
#.# ###.###.##.#
#.# #.......##.#
#.# #.#.######.#
#.# #.#.# #.#


You could see Jorgrun.

Vanquished Creatures
  3 vault guards
  Fannar (D:12)
  5 hydras
  A catoblepas (D:13)
  2 boulder beetles
  Erolcha (D:9)
  9 centaur warriors
  A two-headed ogre (D:12)
  4 wizards
  Pikel (D:8)
  A necromancer (D:15)
  An orc knight (Bailey)
  A deep elf zephyrmancer (D:15)
  4 deep elf pyromancers
  2 slime creatures (D:8)
  A wolf spider (D:15)
  An orc sorcerer (D:15)
  5 cyclopes
  3 manticores
  13 ugly things
  A cane toad (shapeshifter) (D:15)
  A centaur skeleton (D:15)
  2 unseen horrors (D:10)
  2 rime drakes (D:13)
  3 kobold demonologists
  A yaktaur (D:14)
  2 efreet
  A troll (D:12)
  2 hornets (D:8)
  A wolf spider simulacrum (D:15)
  Prince Ribbit (D:5)
  A dream sheep (shapeshifter) (D:11)
  3 shadows (D:10)
  9 yaks
  A vampire (D:12)
  Sigmund (D:6)
  A water elemental (D:14)
  A wraith (D:13)
  2 basilisks
  2 steam dragons
  Grum (D:10)
  Edmund (D:6)
  6 vampire mosquitoes
  3 water moccasins
  4 acid dragons
  A floating eye (shapeshifter) (D:13)
  A black bear (D:8)
  2 ice beasts (D:7)
  16 orc warriors
  A sky beast (D:7)
  A hornet zombie (D:7)
  2 wolves (D:10)
  3 ogres (D:6)
  2 boggarts
  A phantom (D:4)
  10 centaurs
  Blork the orc (D:6)
  2 necrophages
  4 gnoll sergeants
  3 scorpions
  5 bullfrogs
  5 wights
  4 killer bees
  2 electric eels (D:14)
  9 howler monkeys
  A crimson imp (D:8)
  A bullfrog zombie (D:7)
  2 jellies (D:6)
  4 centaur zombies
  A hound (D:6)
  15 orc priests
  A gnoll bouda (D:7)
  12 orc wizards
  2 iguanas (D:5)
  2 killer bee zombies (D:7)
  2 howler monkey zombies (D:7)
  27 gnolls
  12 adders
  2 shadow imps
  4 white imps
  4 ufetubi
  3 dart slugs
  A worm (D:4)
  51 orcs
  2 bats
  4 endoplasms
  3 giant cockroaches
  7 goblins
  9 hobgoblins
  7 jackals
  11 kobolds
  4 quokkas
  6 ball pythons
  5 frilled lizards
  5 rats
398 creatures vanquished.

Vanquished Creatures (others)
  A centaur (D:10)
  An orc wizard (D:11)
  A gnoll (D:11)
  2 fungi (D:2)
  18 plants
23 creatures vanquished.

Grand Total: 421 creatures vanquished

Notes
Turn   | Place    | Note
-------+----------+-------------------------------------------
     0 | D:1      | RUZZLEFAZAZZLE the Gnoll Fighter began the quest for the
                  | Orb.
     0 | D:1      | Reached XP level 1. HP: 23/23 MP: 1/1
   158 | D:1      | Reached XP level 2. HP: 29/29 MP: 2/2
   722 | D:1      | Reached XP level 3. HP: 31/35 MP: 3/3
  1115 | D:2      | Reached skill level 1 in Invocations
  1358 | D:2      | Reached skill level 1 in Short Blades
  1358 | D:2      | Reached skill level 1 in Long Blades
  1358 | D:2      | Reached skill level 1 in Maces & Flails
  1358 | D:2      | Reached skill level 1 in Polearms
  1358 | D:2      | Reached skill level 1 in Staves
  1358 | D:2      | Reached skill level 1 in Ranged Weapons
  1358 | D:2      | Reached skill level 1 in Throwing
  1358 | D:2      | Reached skill level 1 in Dodging
  1358 | D:2      | Reached skill level 1 in Stealth
  1358 | D:2      | Reached skill level 1 in Unarmed Combat
  1358 | D:2      | Reached skill level 1 in Spellcasting
  1358 | D:2      | Reached skill level 1 in Evocations
  1480 | D:2      | Reached XP level 4. HP: 40/41 MP: 5/5
  1588 | D:2      | Found a faded altar of an unknown god.
  1637 | D:2      | Reached skill level 1 in Conjurations
  1637 | D:2      | Reached skill level 1 in Hexes
  1637 | D:2      | Reached skill level 1 in Summonings
  1637 | D:2      | Reached skill level 1 in Necromancy
  1637 | D:2      | Reached skill level 1 in Translocations
  1637 | D:2      | Reached skill level 1 in Transmutations
  1637 | D:2      | Reached skill level 1 in Fire Magic
  1637 | D:2      | Reached skill level 1 in Ice Magic
  1637 | D:2      | Reached skill level 1 in Air Magic
  1637 | D:2      | Reached skill level 1 in Earth Magic
  1637 | D:2      | Reached skill level 1 in Poison Magic
  2144 | D:3      | Found an iron altar of Okawaru.
  2167 | D:3      | Became a worshipper of Warmaster Okawaru
  2533 | D:3      | Reached XP level 5. HP: 47/47 MP: 7/7
  2807 | D:4      | Identified a scroll of acquirement
  2807 | D:4      | Acquired the +3 cloak "Nojorios" {-Tele Regen+ Int-2
                  | Slay+4}
  2863 | D:4      | Noticed a phantom
  2875 | D:4      | Killed a phantom
  2998 | D:4      | Reached skill level 5 in Axes
  2998 | D:4      | Reached XP level 6. HP: 50/53 MP: 7/9
  3368 | D:5      | Entered Level 5 of the Dungeon
  3607 | D:5      | Reached XP level 7. HP: 57/60 MP: 10/10
  3888 | D:5      | Found a staircase to the Ecumenical Temple.
  3895 | D:5      | Reached * piety under Okawaru
  3964 | D:5      | Noticed Prince Ribbit
  4002 | D:5      | Killed Prince Ribbit
  4399 | D:6      | Noticed Edmund
  4417 | D:6      | Killed Edmund
  4418 | D:6      | Reached XP level 8. HP: 36/67 MP: 12/12
  4476 | D:6      | Found a radiant altar of Vehumet.
  4687 | D:6      | Reached ** piety under Okawaru
  4884 | D:6      | Noticed Sigmund
  4885 | D:6      | Found a hide-covered altar of Uskayaw.
  4885 | D:6      | Noticed Blork the orc
  4891 | D:6      | Killed Blork the orc
  4894 | D:6      | Killed Sigmund
  4894 | D:6      | Reached *** piety under Okawaru
  4895 | D:6      | Reached XP level 9. HP: 63/73 MP: 12/14
  4932 | D:6      | Found a sparkling altar of Nemelex Xobeh.
  5029 | D:6      | Found an opulent altar of Gozag.
  5308 | D:7      | Found a basalt altar of Yredelemnul.
  5422 | D:7      | Reached **** piety under Okawaru
  5467 | D:7      | Reached skill level 5 in Invocations
  5483 | D:7      | Received a gift from Okawaru
  6023 | D:8      | Identified the +1 robe of a Hundred Mice {rPois}
  6024 | D:8      | Noticed a kobold demonologist
  6027 | D:8      | Noticed a hellwing
  6030 | D:8      | Killed a kobold demonologist
  6031 | D:8      | Reached skill level 5 in Short Blades
  6031 | D:8      | Reached skill level 5 in Long Blades
  6031 | D:8      | Reached skill level 5 in Maces & Flails
  6031 | D:8      | Reached skill level 5 in Polearms
  6031 | D:8      | Reached skill level 5 in Staves
  6031 | D:8      | Reached skill level 5 in Ranged Weapons
  6031 | D:8      | Reached skill level 5 in Throwing
  6031 | D:8      | Reached skill level 5 in Dodging
  6031 | D:8      | Reached skill level 5 in Stealth
  6031 | D:8      | Reached skill level 5 in Unarmed Combat
  6031 | D:8      | Reached skill level 5 in Spellcasting
  6031 | D:8      | Reached skill level 5 in Evocations
  6031 | D:8      | Reached XP level 10. HP: 81/81 MP: 14/17
  6179 | D:8      | Found a burning altar of Makhleb.
  6301 | D:8      | Noticed Pikel
  6311 | D:8      | Killed Pikel
  6311 | D:8      | Reached ***** piety under Okawaru
  6452 | D:8      | Noticed a cyclops
  6458 | D:8      | Noticed a centaur warrior
  6486 | D:8      | Received a gift from Okawaru
  6494 | D:9      | Noticed Erolcha
  6508 | D:9      | Killed Erolcha
  6508 | D:9      | Received a gift from Okawaru
  6730 | D:8      | Found a flagged portal.
  6747 | Bailey   | Entered a bailey
  6806 | Bailey   | Received a gift from Okawaru
  7062 | Bailey   | Noticed an orc knight
  7077 | Bailey   | Killed an orc knight
  7077 | Bailey   | Received a gift from Okawaru
  7078 | Bailey   | Reached skill level 5 in Conjurations
  7078 | Bailey   | Reached skill level 5 in Hexes
  7078 | Bailey   | Reached skill level 5 in Summonings
  7078 | Bailey   | Reached skill level 5 in Necromancy
  7078 | Bailey   | Reached skill level 5 in Translocations
  7078 | Bailey   | Reached skill level 5 in Transmutations
  7078 | Bailey   | Reached skill level 5 in Fire Magic
  7078 | Bailey   | Reached skill level 5 in Ice Magic
  7078 | Bailey   | Reached skill level 5 in Air Magic
  7078 | Bailey   | Reached skill level 5 in Earth Magic
  7078 | Bailey   | Reached skill level 5 in Poison Magic
  7078 | Bailey   | Reached XP level 11. HP: 76/89 MP: 12/20
  7084 | Bailey   | Reached XP level 12. HP: 89/97 MP: 13/22
  7086 | Bailey   | Identified the +6 triple crossbow "Ablajanle" {elec, rPois
                  | Str+2 Int-4}
  7535 | D:8      | Noticed a boulder beetle
  7581 | D:8      | Killed a boulder beetle
  7582 | D:8      | Reached skill level 10 in Fighting
  7582 | D:8      | Reached skill level 10 in Armour
  7582 | D:8      | Reached skill level 10 in Shields
  7703 | D:8      | Killed a centaur warrior
  8008 | D:7      | Found a stormy altar of Qazlal.
  8387 | D:9      | Received a gift from Okawaru
  8585 | D:9      | Gained mutation: You are partially covered in iridescent
                  | scales. (AC +2) [potion of mutation]
  8585 | D:9      | Gained mutation: You are covered in fur. (AC +1) [potion of
                  | mutation]
  8586 | D:9      | Lost mutation: You are partially covered in iridescent
                  | scales. (AC +2) [potion of mutation]
  8586 | D:9      | Lost mutation: You are covered in fur. (AC +1) [potion of
                  | mutation]
  8586 | D:9      | Gained mutation: You have hidden genetic potential. [potion
                  | of mutation]
  8586 | D:9      | Gained mutation: You passively dampen the noise of your
                  | surroundings. [potion of mutation]
  8744 | D:10     | Entered Level 10 of the Dungeon
  8845 | D:10     | Noticed Grum
  8856 | D:10     | Killed Grum
  8945 | D:10     | Found a staircase to the Orcish Mines.
  9281 | D:10     | Received a gift from Okawaru
  9798 | D:11     | Noticed a five-headed hydra
  9813 | D:11     | Killed a five-headed hydra
  9880 | D:11     | Identified the +6 morningstar of the Evening {vorpal, rF++
                  | Int-2}
  9957 | D:11     | Identified the +1 halberd of Defiance {flame, Fly Int+3}
 10028 | D:11     | Found a staircase to the Lair.
 10086 | D:11     | Noticed a two-headed ogre
 10088 | D:11     | a two-headed ogre changed into a glowing shapeshifter
 10102 | D:11     | Received a gift from Okawaru
 10402 | D:11     | Noticed a five-headed hydra
 10424 | D:11     | Killed a five-headed hydra
 10425 | D:11     | Reached XP level 13. HP: 89/104 MP: 18/25
 10761 | D:12     | Identified the +2 pair of boots of Satisfaction {rElec
                  | Str+3 Dex+3} (Okawaru gifted it to you on level 12 of the
                  | Dungeon)
 10761 | D:12     | Received a gift from Okawaru
 10813 | D:11     | Acquired the +3 warlock's mirror {reflect}
 10813 | D:11     | Found the +3 warlock's mirror {reflect}
 11247 | D:12     | Noticed Fannar
 11264 | D:12     | Killed Fannar
 11755 | D:12     | You fall into a shaft and drop 1 floor!
 11872 | D:13     | Found a gate to the Vaults.
 11872 | D:13     | Noticed a vault guard
 11872 | D:13     | Noticed a vault guard
 11872 | D:13     | Noticed a vault guard
 11872 | D:13     | Noticed a vault guard
 11872 | D:13     | Gained mutation: Your mind is acute. (Int +4, Str/Dex -1)
                  | [hidden potential]
 12311 | D:13     | Killed a vault guard
 12398 | D:12     | Killed a vault guard
 12462 | D:13     | Received a gift from Okawaru
 12877 | D:13     | Found Nebb's Weapon Emporium.
 12895 | D:13     | Received a gift from Okawaru
 12919 | D:13     | Reached skill level 10 in Axes
 13165 | D:13     | Killed a vault guard
 13430 | D:15     | Entered Level 15 of the Dungeon
 13511 | D:15     | Reached XP level 14. HP: 90/113 MP: 20/27
 13596 | D:15     | Reached skill level 10 in Invocations
 13897 | D:15     | Found a staircase to the Depths.
 13905 | D:15     | Received a gift from Okawaru
 13906 | D:15     | Gained mutation: Your system is resistant to poisons.
                  | (rPois) [hidden potential]
 13906 | D:15     | Lost mutation: You have hidden genetic potential. [hidden
                  | potential expressed]
 13945 | Depths:1 | Entered Level 1 of the Depths
 14368 | D:14     | Found a shadowy altar of Dithmenos.
 14430 | D:14     | Received a gift from Okawaru
 15009 | Orc:1    | Entered Level 1 of the Orcish Mines
 15009 | Orc:1    | Noticed Jorgrun
 15021 | D:10     | Killed from afar by Jorgrun

Illustrated notes

Levels and vault maps discovered:
D:1:      psy_arrival_spokes, layout_loops_corners
D:2:      layout_loops_corners, shapermc_ecumenical_altar_petra,
          minmay_surrounded
D:3:      layout_rooms, okawaru_gym_becter, st_stairs_8, serial_bayou_pond_d,
          kennysheep_cross_room, dk_noncrumbling_2
D:4:      layout_gridville, hangedman_feature_mirror
D:5:      layout_loops_ring, minmay_temple_entry_proselytizer,
          hangedman_decor_peaks_small, uniq_prince_ribbit1
D:6:      layout_basic, mainiacjoe_overflow_two_lobes, vehumet_altar_wand_db,
          lemuel_tele_altar, uniq_sigmund, uniq_blork_the_orc, uniq_edmund
D:7:      layout_cave_pools, nicolae_overflow_hidden_temple,
          nicolae_yredelemnul_corpse_copse
D:8:      nzn_winding_woodlands_stair_cross
          [nzn_winding_woodlands_5x15_river_crossing,
          nzn_winding_woodlands_center_garden,
          nzn_winding_woodlands_5x15_crooked, nzn_winding_woodlands_5x5_three,
          nzn_winding_woodlands_5x5_default, nzn_winding_woodlands_5x15_twine,
          nzn_winding_woodlands_center_triple_pond,
          nzn_winding_woodlands_5x15_pathside_ponds], layout_gridville,
          makhleb_grotto_becter, enter_bailey_7, uniq_pikel
D:9:      layout_cave_pods, uniq_erolcha
D:10:     cheibrodos_barr_body, layout_loops_ring, orc_0_dummy,
          amethyst_killhole, minmay_unpleasant_kobolds, uniq_grum
D:11:     kennysheep_big_flooded_room, layout_loops_ring, dpeg_oklobed_lair,
          minmay_misc_feat_alley, dk_noncrumbling_4
D:12:     layout_layer_cave, uniq_fannar
D:13:     layout_irregular_city, lightli_vaults_fourway_checkpoint,
          serial_shops, nicolae_shop_bloodbath_and_beyond, portal_ice_cave_rime
D:14:     layout_basic, nicolae_dithmenos_the_darkroom, serial_bayou_lagoon_b
D:15:     grunt_enter_depths_magical_seal, layout_rooms, library_closet,
          minmay_misc_feat_enclosed, minmay_strange_pillars,
          minmay_fractal_squares_gapless_5
Orc:1:    layout_diamond_mine, uniq_jorgrun
Depths:1: layout_small_grid, enter_ziggurat_f, chequers_serial_rivers_room_a,
          pf_coc_iceberg, ebering_ghost_gozag, minmay_room_of_horrors,
          minmay_evil_grid

Skill      XL: |  1  2  3  4  5  6  7  8  9 10 11 12 13 14 |
---------------+-------------------------------------------+-----
Invocations    | 1 2 3 4 5 6 7 8 9 10 | 10.5
Short Blades   | 1 2 3 5 6 7 8 9 |  9.7
Long Blades    | 1 2 3 5 6 7 8 9 |  9.7
Maces & Flails | 1 2 3 5 6 7 8 9 |  9.7
Polearms       | 1 2 3 5 6 7 8 9 |  9.7
Staves         | 1 2 3 5 6 7 8 9 |  9.7
Ranged Weapons | 1 2 3 5 6 7 8 9 |  9.7
Throwing       | 1 2 3 5 6 7 8 9 |  9.7
Dodging        | 1 2 3 5 6 7 8 9 |  9.7
Stealth        | 1 2 3 5 6 7 8 9 |  9.7
Unarmed Combat | 1 2 3 5 6 7 8 9 |  9.7
Spellcasting   | 1 2 3 5 6 7 8 9 |  9.7
Evocations     | 1 2 3 5 6 7 8 9 |  9.7
Conjurations   | 1 2 3 4 5 6 7 8 |  8.1
Hexes          | 1 2 3 4 5 6 7 8 |  8.1
Summonings     | 1 2 3 4 5 6 7 8 |  8.1
Necromancy     | 1 2 3 4 5 6 7 8 |  8.1
Translocations | 1 2 3 4 5 6 7 8 |  8.1
Transmutations | 1 2 3 4 5 6 7 8 |  8.1
Fire Magic     | 1 2 3 4 5 6 7 8 |  8.1
Ice Magic      | 1 2 3 4 5 6 7 8 |  8.1
Air Magic      | 1 2 3 4 5 6 7 8 |  8.1
Earth Magic    | 1 2 3 4 5 6 7 8 |  8.1
Poison Magic   | 1 2 3 4 5 6 7 8 |  8.1
Axes           | 5 6 7 8 9 10 | 10.7
Fighting       | 7 8 9 10 11 | 11.6
Armour         | 7 8 9 10 11 | 11.6
Shields        | 7 8 9 10 11 | 11.6

Action                   |  1- 3 |  4- 6 |  7- 9 | 10-12 | 13-15 || total
-------------------------+-------+-------+-------+-------+-------++-------
Melee: War axe           |    84 |   138 |   252 |   221 |       ||   695
       Bite              |     6 |     8 |    29 |    57 |    88 ||   188
       Hand axe          |       |       |       |   205 |   420 ||   625
       Flail             |       |       |       |    21 |    80 ||   101
Throw: Javelin           |       |       |     6 |    10 |    23 ||    39
Invok: Heroism           |       |       |     6 |    16 |    12 ||    34
       Finesse           |       |       |       |     3 |     5 ||     8
Evoke: Wand              |       |       |       |     1 |     8 ||     9
  Use: Potion            |     1 |       |     2 |    11 |     3 ||    17
       Scroll            |       |     7 |    11 |     5 |     8 ||    31
 Stab: Sleeping          |       |       |     2 |     5 |       ||     7
       Distracted        |       |       |       |     1 |       ||     1
       Paralysed         |       |       |       |       |     2 ||     2
Armor: Scale mail        |    32 |    80 |    26 |       |       ||   138
       Ring mail         |       |       |    98 |    81 |       ||   179
       Plate armour      |       |       |       |   192 |   294 ||   486
Dodge: Dodged            |    36 |    60 |   139 |   214 |   182 ||   631
Block: Buckler           |    22 |    40 |    68 |   132 |   231 ||   493
       Reflection        |       |       |       |       |    28 ||    28
